 Dungeon Crawl Stone Soup version 0.23.2-33-g5129a83184 (webtiles) character file.

Game seed: 4547662758047274335

1214 Folque001 the Conjurer (level 8, -5/57 HPs)
             Began as a Demigod Conjurer on Aug 1, 2019.
             Slain by an orc warrior
             ... wielding a +0 hand axe
              (14 damage)
             ... on level 6 of the Dungeon.
             The game lasted 00:16:54 (6164 turns).

Folque001 the Conjurer (Demigod Conjurer)           Turns: 6164, Time: 00:16:54

Health: -5/57      AC:  3    Str: 11    XL:     8   Next: 2%
Magic:  5/17       EV: 12    Int: 23    God:
Gold:   248        SH:  0    Dex: 16    Spells: 1/15 levels left

rFire    . . .     SeeInvis .   w - staff of wizardry
rCold    . . .     Gourm    .   (no shield)
rNeg     . . .     Faith    .   a - +0 robe
rPois    .         Spirit   .   (no helmet)
rElec    .         Reflect  .   (no cloak)
rCorr    .         Harm     .   e - +0 pair of gloves
MR       .....                  (no boots)
Stlth    ++........             (no amulet)
HPRegen  0.19/turn              (no ring)
MPRegen  0.15/turn              (no ring)

@: very slightly contaminated
A: high mp 1
a: no special abilities


You were on level 6 of the Dungeon.
You were not hungry.

You visited 1 branch of the dungeon, and saw 6 of its levels.

You collected 248 gold pieces.

Inventory:

Hand Weapons
 d - a +0 club
 q - a +0 club
 r - a +0 short sword
 u - a +0 falchion
Armour
 a - a +0 robe (worn)
 e - a +0 pair of gloves (worn)
Magical Staves
 w - an uncursed staff of wizardry (weapon)
Jewellery
 m - a +4 ring of dexterity {unknown}
 t - a cursed -3 ring of strength {unknown}
 D - an uncursed ring of stealth {unknown}
 E - a +5 ring of strength {unknown}
Wands
 h - a wand of disintegration (12)
 s - a wand of enslavement (8)
 A - a wand of paralysis (4)
 B - a wand of random effects (20)
 G - a wand of acid (6)
Scrolls
 g - a scroll of amnesia {unknown}
 i - a scroll of enchant armour {unknown}
 n - 4 scrolls of remove curse
 v - a scroll of enchant weapon {unknown}
 y - a scroll of blinking {unknown}
 C - a scroll of identify
Potions
 k - 3 potions of brilliance
 l - a potion of flight {unknown}
 o - a potion of might {unknown}
 p - 2 potions of resistance {unknown}
 x - a potion of mutation {unknown}
 z - a potion of cancellation {unknown}
Comestibles
 c - 10 rations
 f - 4 chunks of flesh


   Skills:
 - Level 1.7 Dodging
 - Level 1.7 Stealth
 - Level 4.1 Spellcasting
 + Level 6.1 Conjurations
 * Level 5.6 Hexes
 + Level 2.3 Translocations


You had one spell level left.
You knew the following spells:

 Your Spells              Type           Power        Failure   Level  Hunger
a - Magic Dart            Conj           ####         1%          1    None
b - Searing Ray           Conj           ####..       1%          2    #......
c - Dazzling Spray        Conj/Hex       ####..       1%          3    ##.....
d - Fulminant Prism       Conj/Hex       ####......   4%          4    ####...
e - Force Lance           Conj/Tloc      ###.....     8%          4    ####...

Your spell library contained the following spells:

 Spells                   Type           Power        Failure   Level  Hunger
 Corona                   Hex            ####...      1%          1    None
 Ensorcelled Hibernation  Hex/Ice        ###...       1%          2    #......
 Confuse                  Hex            ####....     1%          3    ##.....
 Tukima's Dance           Hex            ####....     1%          3    ##.....
 Iskenderun's Mystic Bla  Conj           ####....     3%          4    ####...


Dungeon Overview and Level Annotations

Branches:
Dungeon (6/15)             Temple (0/1) D:6

Annotations:
D:3 2 transporters


Innate Abilities, Weirdness & Mutations

You have an increased reservoir of magic. (+10% MP)


Message History

You miscast Force Lance.
You are very lightly contaminated with residual magic.
Your hair stands on end.
The orc priest mumbles some strange prayers to Beogh against you.
Beogh smites you!
The orc wizard casts a spell.
The orc wizard blinks!
The orc warrior barely misses you.
Your fulminant prism explodes!
The blast of energy engulfs the orc priest!
The orc priest is almost dead.
You feel better.
The orc priest casts a cantrip, but nothing happens.
The orc warrior hits you with a +0 hand axe!
* * * LOW HITPOINT WARNING * * *
As you read the scroll labeled YRIONI EMAM, it crumbles to dust.
You feel aware of your surroundings.
It was a scroll of magic mapping.
The orc priest calls upon Beogh to heal the orc priest.
The orc priest is healed somewhat.
The orc warrior hits you with a +0 hand axe!
You die...

....## <....# ..,..# ***
.,,..# *,* #**#.# *,* ## #.#
*,* .###.# *,*
.....#################.#
................@oo..oo#
#.#####.##############ยง#
#.#* #.# *,* #..* #.# *,*
##.#* #.# *** *,**** *..* #.#
**,**** *,,,,***** *#.#*#.#
*,,,,,*********,,,,,*
*,,*#.#**,,,,,,,,,,,,,*,*,***
**,*...,,,,**,*****,,,,,,,*


You could see an orc warrior, 2 orc priests and an orc wizard.

Vanquished Creatures
  A sky beast (D:5)
  A black bear (D:6)
  An ogre (D:6)
  A bullfrog (D:4)
  A gnoll sergeant (D:6)
  A scorpion (D:4)
  3 killer bees (D:6)
  A bullfrog zombie (D:5)
  2 hounds
  3 orc wizards
  Jessica (D:2)
  A bullfrog skeleton (D:5)
  Natasha (thrice) (D:3)
  3 worker ants
  4 gnolls (D:6)
  11 adders
  7 worms
  A leopard gecko (D:1)
  6 orcs
  5 ball pythons
  5 bats
  5 giant cockroaches
  11 goblins
  8 hobgoblins
  6 jackals
  6 kobolds
  3 quokkas
  4 frilled lizards
  2 jackal skeletons
  A leopard gecko skeleton (D:6)
  A leopard gecko zombie (D:6)
  A quokka skeleton (D:5)
  25 rats
135 creatures vanquished.

Vanquished Creatures (others)
  A leopard gecko (D:2)
  5 fulminant prisms (D:6)
6 creatures vanquished.

Grand Total: 141 creatures vanquished

Notes
Turn   | Place    | Note
-------+----------+-------------------------------------------
     0 | D:1      | Folque001 the Demigod Conjurer began the quest for the Orb.
     0 | D:1      | Reached XP level 1. HP: 14/14 MP: 5/5
   285 | D:1      | Reached XP level 2. HP: 6/20 MP: 5/7
  1787 | D:2      | Reached skill level 4 in Conjurations
  1787 | D:2      | Reached XP level 3. HP: 26/26 MP: 6/9
  1797 | D:2      | Learned a level 2 spell: Searing Ray
  1801 | D:2      | Learned a level 3 spell: Dazzling Spray
  1865 | D:2      | Found a radiant altar of Vehumet.
  1936 | D:2      | Reached XP level 4. HP: 21/33 MP: 1/11
  2109 | D:2      | Found a sparkling altar of Nemelex Xobeh.
  2109 | D:2      | Noticed Jessica
  2114 | D:2      | Killed Jessica
  2537 | D:3      | Found a transporter.
  2631 | D:3      | Noticed a kobold demonologist
  2642 | D:3      | Found a transporter.
  2804 | D:3      | Learned a level 4 spell: Fulminant Prism
  2864 | D:3      | Reached XP level 5. HP: 31/38 MP: 4/13
  3084 | D:3      | Noticed Natasha
  3091 | D:3      | Killed Natasha
  3091 | D:3      | Reached skill level 1 in Hexes
  3124 | D:3      | Noticed Natasha
  3135 | D:3      | Killed Natasha
  3190 | D:3      | Noticed Natasha
  3197 | D:3      | Killed Natasha
  3620 | D:4      | Found a stormy altar of Qazlal.
  3711 | D:4      | Found a sparkling altar of Nemelex Xobeh.
  3718 | D:4      | Reached XP level 6. HP: 44/45 MP: 12/15
  4059 | D:4      | Reached skill level 5 in Conjurations
  4402 | D:5      | Entered Level 5 of the Dungeon
  4471 | D:5      | Found a glowing silver altar of Zin.
  4676 | D:5      | Reached XP level 7. HP: 50/50 MP: 7/16
  4682 | D:5      | Learned a level 4 spell: Force Lance
  5384 | D:6      | Reached skill level 1 in Translocations
  5668 | D:6      | Reached skill level 5 in Hexes
  5916 | D:6      | Reached skill level 6 in Conjurations
  5926 | D:6      | Reached XP level 8. HP: 33/57 MP: 2/17
  6164 | D:6      | Slain by an orc warrior

Skill      XL: |  1  2  3  4  5  6  7 |
---------------+----------------------+-----
Spellcasting   | 2 3 4 |  4.1
Conjurations   | 4 5 6 |  6.1
Hexes          | 2 4 5 |  5.6
Translocations | 2 |  2.3
Dodging        | |  1.7
Stealth        | |  1.7

Action                   |  1- 3 |  4- 6 |  7- 9 || total
-------------------------+-------+-------+-------++-------
Melee: Club              |    88 |    11 |       ||    99
       Short sword       |       |    22 |       ||    22
       Falchion          |       |    26 |    15 ||    41
       Staff             |       |       |     2 ||     2
 Cast: Magic Dart        |    35 |     9 |     4 ||    48
       Searing Ray       |     5 |    33 |     8 ||    46
       Dazzling Spray    |     1 |     7 |     7 ||    15
       Force Lance       |       |       |    14 ||    14
       Fulminant Prism   |       |       |     5 ||     5
Evoke: Wand              |       |       |     2 ||     2
  Use: Scroll            |       |     3 |     4 ||     7
       Potion            |       |       |     5 ||     5
 Stab: Sleeping          |     4 |     1 |       ||     5
  Eat: Chunk             |     4 |     9 |     8 ||    21
Armor: Robe              |    22 |    25 |     4 ||    51
Dodge: Dodged            |    76 |    74 |    30 ||   180
       Rpst.: Falchion   |       |    13 |     8 ||    21
